 Dungeon Crawl Stone Soup version 0.31-a0-234-gad7ace16ef (webtiles) character file.

Game seed: 16299952159112581227

401 qw the Shooter (level 6, 0/52 HPs)
             Began as a Minotaur Hexslinger on July 9, 2023.
             Slain by Pikel
             ... wielding a +2 whip of freezing
              (2 damage)
             ... on level 4 of the Dungeon.
             The game lasted 00:01:09 (2546 turns).

qw the Shooter (Minotaur Hexslinger)                Turns: 2546, Time: 00:01:09

Health: 0/52       AC:  5    Str: 12    XL:     6   Next: 54%
Magic:  0/6        EV: 11    Int: 10    God:
Gold:   187        SH:  0    Dex: 15    Spells: 6/7 levels left

rFire   . . .        Y - +1 sling (flame)
rCold   + . .        (no shield)
rNeg    . . .        f - +0 ring mail
rPois   .            (helmet restricted)
rElec   .            (no cloak)
rCorr   .            (no gloves)
SInv    .            (no boots)
Will    .....        k - amulet of guardian spirit
Stlth   +            i - ring of protection from cold
HPRegen 0.28/turn    (no ring)
MPRegen 0.10/turn

%: guardian spirit
@: no status effects
A: horns 2, retaliatory headbutt
a: no special abilities


You were on level 4 of the Dungeon.
You visited 1 branch of the dungeon, and saw 4 of its levels.

You collected 187 gold pieces.


Innate Abilities, Weirdness & Mutations

You have a pair of horns on your head.
You reflexively headbutt those who attack you in melee.


   Skills:
 - Level 4.1 Fighting
 + Level 6.7 Ranged Weapons
 - Level 1.0 Armour
 - Level 2.1 Dodging
 - Level 1.0 Spellcasting
 - Level 2.0 Hexes


You had 6 spell levels left.
You knew the following spells:

 Your Spells              Type           Power      Damage    Failure   Level
a - Slow                  Hex            16%        N/A       34%         1

Your spell library contained the following spells:

 Spells                   Type           Power      Damage    Failure   Level
 Inner Flame              Hex/Fire       2%         N/A       83%         3
 Portal Projectile        Hex/Tloc       4%         N/A       83%         3
 Cause Fear               Hex            2%         N/A       98%         4

Inventory:

Hand Weapons
 Y - a +1 sling of flaming (weapon)
Armour
 f - a +0 ring mail (worn)
Jewellery
 b - a ring of ice
 i - a ring of protection from cold (left hand)
 k - an amulet of guardian spirit (around neck)
Scrolls
 c - 4 scrolls of identify
Potions
 a - a potion of haste

Dungeon Overview and Level Annotations

Branches:
Dungeon (4/15)
 Temple: D:4-7

Altars:
Hepliaklqana
Yredelemnul

Shops:
D:1 =

Annotations:
D:4 Pikel


Message History

The sling bullet barely misses the lemure.
Pikel hits you with a +2 whip of freezing.
You shoot a sling bullet. The sling bullet closely misses Pikel.
The sling bullet closely misses the lemure.
Pikel hits you with a +2 whip of freezing!
2539 ||| DRINKING potion of heal wounds.
You feel much better.
You hear the slow hiss of a very distant avalanche of sand.
Pikel hits you with a +2 whip of freezing!
Pikel freezes you.
You shoot a sling bullet. The sling bullet closely misses Pikel.
The sling bullet hits the lemure but does no damage.
Pikel closely misses you.
You shoot a sling bullet.
The sling bullet hits Pikel but does no damage.
Pikel is severely wounded.
Pikel hits you with a +2 whip of freezing.
Pikel freezes you.
You shoot a sling bullet.
The sling bullet hits Pikel but does no damage.
Pikel is severely wounded.
Pikel closely misses you. Pikel barely misses you. You furiously retaliate!
You headbutt Pikel. You shoot a sling bullet.
The sling bullet hits Pikel but does no damage.
Pikel is severely wounded.
Pikel hits you with a +2 whip of freezing.
You shoot a sling bullet. The sling bullet closely misses Pikel.
The sling bullet hits the lemure but does no damage.
Pikel hits you with a +2 whip of freezing!
Pikel freezes you.
You shoot a sling bullet.
The sling bullet completely misses Pikel.
The sling bullet hits the lemure but does no damage.
Pikel barely misses you.
You shoot a sling bullet. The sling bullet closely misses Pikel.
The sling bullet closely misses the lemure.
Pikel hits you with a +2 whip of freezing!
Pikel freezes you.
You die...

# #.# #. #.. #. #.#
..#.# #.# 5#.# #.#
55# #.######K#
#.#.....@#
#.#.####%#
#.#.#####..
######.#.....#...#
#............#.....
##.###...........###
#.# #.~¤~~~¤~¤~..
#.###.~.......¤.#.
#.##..~.#.###.~


You could see Pikel and 3 lemures.

Vanquished Creatures
  Sigmund (D:3)
  A black bear (D:3)
  A sleepcap (D:3)
  Robin (D:2)
  2 adders
  2 river rats (D:3)
  A dart slug (D:2)
  5 orcs (D:3)
  5 bats
  4 endoplasms
  2 giant cockroaches
  9 hobgoblins
  9 ball pythons
  3 frilled lizards (D:3)
  13 goblins
  6 kobolds
  6 rats
71 creatures vanquished.

Notes
Turn   | Place    | Note
-------+----------+-------------------------------------------
     0 | D:1      | qw the Minotaur Hexslinger began the quest for the Orb.
     0 | D:1      | Reached XP level 1. HP: 16/16 MP: 1/1
     0 | D:1      | 0 ||| qw: Version: 0.3-a-51-g015441d
     0 | D:1      | 0 ||| qw: Game counter: 4331
     0 | D:1      | 0 ||| qw: Melee chars always use a shield: true
     0 | D:1      | 0 ||| qw: God list: Okawaru
     0 | D:1      | 0 ||| qw: Allow faded altars: false
     0 | D:1      | 0 ||| qw: Do Orc after clearing Dungeon:15 true
     0 | D:1      | 0 ||| qw: Do second Lair branch before Depths: true
     0 | D:1      | 0 ||| qw: Lair rune preference: random
     0 | D:1      | 0 ||| qw: Goals: Normal
     0 | D:1      | 0 ||| PLANNING D:1-11
     3 | D:1      | Noticed an electric eel
     4 | D:1      | Noticed an electric eel
   268 | D:1      | Reached skill level 3 in Ranged Weapons
   272 | D:1      | Reached XP level 2. HP: 23/23 MP: 2/2
   516 | D:1      | Found Sonufua's Jewellery Shoppe.
   522 | D:1      | 522 ||| SHOPLISTING +6 ring of strength (396 gold, have
                  | 38).
   522 | D:1      | 522 ||| SHOPLISTING ring of ice (275 gold, have 38).
   522 | D:1      | 522 ||| SHOPLISTING ring of resist corrosion (220 gold,
                  | have 38).
   522 | D:1      | 522 ||| SHOPLISTING ring of see invisible (165 gold, have
                  | 38).
   803 | D:1      | 803 ||| UPGRADING to +0 ring mail.
   813 | D:1      | 813 ||| DROPPING +0 robe.
   814 | D:1      | 814 ||| READING scroll labelled YGI UDDYGIBB.
   815 | D:1      | 815 ||| READING scroll labelled NEDUAD YJODGH.
   816 | D:1      | 816 ||| DRINKING 3 fuming orange potions.
   817 | D:1      | 817 ||| DROPPING scroll of poison.
   861 | D:2      | Found a faded altar of an unknown god.
   912 | D:2      | Reached XP level 3. HP: 24/29 MP: 3/3
   915 | D:2      | 915 ||| FLEEEEING.
   916 | D:2      | 916 ||| FLEEEEING.
  1009 | D:2      | Reached skill level 4 in Ranged Weapons
  1014 | D:2      | Found a hazy altar of Hepliaklqana.
  1083 | D:2      | Noticed Robin
  1086 | D:2      | 1086 ||| Stepping ~*~*~tactically~*~*~ (outnumbered).
  1096 | D:2      | HP: 7/29 [goblin/+0 dagger[Robin] (2)]
  1097 | D:2      | Reached skill level 1 in Armour
  1097 | D:2      | 1097 ||| DRINKING 2 potions of heal wounds.
  1105 | D:2      | Killed Robin
  1106 | D:2      | Reached XP level 4. HP: 22/36 MP: 4/4
  1109 | D:2      | 1109 ||| Stepping ~*~*~tactically~*~*~ (outnumbered).
  1483 | D:2      | 1483 ||| DRINKING 2 blue potions.
  1489 | D:3      | 1489 ||| PLANNING SEWER
  1616 | D:3      | Reached skill level 5 in Ranged Weapons
  1622 | D:3      | Noticed a black bear
  1633 | D:3      | Killed a black bear
  1634 | D:3      | Reached XP level 5. HP: 19/46 MP: 5/5
  1879 | D:3      | Noticed Sigmund
  1892 | D:3      | HP: 8/46 [something (9)]
  1894 | D:3      | Killed Sigmund
  1895 | D:3      | Reached skill level 6 in Ranged Weapons
  1895 | D:3      | Reached XP level 6. HP: 9/52 MP: 6/6
  2154 | D:3      | 2154 ||| RIP SEWER
  2155 | D:3      | 2155 ||| PLANNING D:1-11
  2160 | D:3      | 2160 ||| FLEEEEING.
  2161 | D:3      | 2161 ||| FLEEEEING.
  2162 | D:3      | 2162 ||| FLEEEEING.
  2164 | D:3      | 2164 ||| Stepping ~*~*~tactically~*~*~ (outnumbered).
  2168 | D:3      | 2168 ||| FLEEEEING.
  2169 | D:3      | 2169 ||| FLEEEEING.
  2170 | D:3      | 2170 ||| FLEEEEING.
  2171 | D:3      | 2171 ||| FLEEEEING.
  2172 | D:3      | 2172 ||| FLEEEEING.
  2173 | D:3      | 2173 ||| FLEEEEING.
  2174 | D:3      | 2174 ||| FLEEEEING.
  2175 | D:3      | 2175 ||| FLEEEEING.
  2176 | D:3      | 2176 ||| FLEEEEING.
  2177 | D:3      | 2177 ||| FLEEEEING.
  2178 | D:3      | 2178 ||| FLEEEEING.
  2179 | D:3      | 2179 ||| FLEEEEING.
  2190 | D:3      | 2190 ||| FLEEEEING.
  2191 | D:3      | 2191 ||| FLEEEEING.
  2192 | D:3      | 2192 ||| FLEEEEING.
  2196 | D:3      | 2196 ||| FLEEEEING.
  2197 | D:3      | 2197 ||| FLEEEEING.
  2198 | D:3      | 2198 ||| FLEEEEING.
  2199 | D:3      | 2199 ||| FLEEEEING.
  2200 | D:3      | 2200 ||| FLEEEEING.
  2201 | D:3      | 2201 ||| FLEEEEING.
  2474 | D:3      | 2474 ||| UPGRADING to amulet of guardian spirit.
  2479 | D:3      | 2479 ||| UPGRADING to ring of protection from cold.
  2480 | D:3      | 2480 ||| READING scroll labelled PEBLUKYD MOAM.
  2481 | D:3      | 2481 ||| READING scroll labelled GIEN SAXTO.
  2482 | D:3      | 2482 ||| READING scroll labelled XOLOEV HIFECOI.
  2483 | D:3      | 2483 ||| READING 5 scrolls of identify.
  2483 | D:3      | 2483 ||| IDENTIFYING puce potion
  2484 | D:3      | 2484 ||| DROPPING potion of lignification.
  2493 | D:4      | 2493 ||| PLANNING OSSUARY
  2507 | D:4      | Found a basalt altar of Yredelemnul.
  2529 | D:4      | Noticed Pikel
  2538 | D:4      | HP: 5/52 [Pikel/+2 whip of freezing (13)]
  2539 | D:4      | 2539 ||| DRINKING potion of heal wounds.
  2544 | D:4      | HP: 11/52 [Pikel/+2 whip of freezing (7)]
  2546 | D:4      | HP: 2/52 [Pikel/+2 whip of freezing (10)]
  2546 | D:4      | Slain by Pikel

Levels and vault maps discovered:
D:1:      arrival_aquarium_b, layout_loops_corners, serial_shops, shop
D:2:      layout_rooms, basic_altar, basic_ecumenical_altar, minivault_25,
          uniq_robin
D:3:      layout_basic, portal_sewer_entry_b, minmay_misc_feat_hallway,
          kennysheep_generic_room_12, uniq_sigmund
D:4:      layout_basic, mainiacjoe_overflow_brackets, overflow_temple_1_default,
          nicolae_ossuary_entry_monument, nicolae_take_the_stairs,
          minmay_misc_feat_alley, minmay_puff, uniq_natasha, uniq_pargi,
          uniq_pikel

Skill      XL: |  1  2  3  4  5 |
---------------+----------------+-----
Ranged Weapons | 3 4 5 6 |  6.7
Fighting       | 2 4 |  4.1
Armour         | 1 |  1.0
Dodging        | |  2.1
Spellcasting   | |  1.0
Hexes          | |  2.0

Action                     |  1- 3 |  4- 6 || total
---------------------------+-------+-------++-------
   Fire: Sling             |   127 |   126 ||   253
    Use: Scroll            |     2 |     4 ||     6
         Potion            |     2 |     2 ||     4
 Armour: Ring mail         |    25 |    19 ||    44
         Robe              |     1 |       ||     1
  Dodge: Dodged            |    45 |    40 ||    85

Table legend:
 A = Non-vault XP
 B = Vault XP
 C = Vault XP percentage of total XP
 D = Non-vault monster count
 E = Vault monster count
 F = Vault count percentage of total count
                 A         B        C        D         E       F
            +---------+---------+-------+---------+---------+-------
      Total |     281 |     293 |  51.0 |      53 |      18 |  25.4
            +---------+---------+-------+---------+---------+-------
        D:1 |      29 |       0 |   0.0 |      17 |       0 |   0.0
        D:2 |      48 |      35 |  42.2 |      19 |      11 |  36.7
        D:3 |     202 |     258 |  56.1 |      15 |       7 |  31.8
        D:4 |       2 |       0 |   0.0 |       2 |       0 |   0.0
            +---------+---------+-------+---------+---------+-------
